 Dungeon Crawl Stone Soup version 0.20.0-10-g0535bb4 (webtiles) character file.

58315 kuniqs the Fighter (level 14, 0/127 HPs)
             Began as a Minotaur Fighter on June 3, 2017.
             Was the Champion of the Shining One.
             Drowned by a water elemental (6 damage)
             ... on level 1 of the Depths.
             The game lasted 00:28:01 (17405 turns).

kuniqs the Fighter (Minotaur Fighter)              Turns: 17405, Time: 00:28:02

Health: 0/127      AC: 31    Str: 31    XL:     14   Next: 49%
Magic:  20/20      EV: 12    Int:  7    God:    the Shining One [******]
Gold:   146        SH: 20    Dex: 11    Spells: 13/13 levels left

rFire    + . .     SeeInvis +   R - +7 long sword
rCold    . . .     Gourm    .   Q - +0 large shield
rNeg     + + +     Faith    .   b - +12 chain mail of the Guardian {*Corrode rElec Str+8 SInv}
rPois    .         Spirit   .   (helmet restricted)
rElec    +         Reflect  .   (no cloak)
rCorr    .         Harm     .   S - +2 pair of gloves
MR       ++...                  O - +0 pair of boots
Stlth    ..........             s - amulet of rage
Regen    0.4/turn               c - ring of protection from fire
MPRegen  0.2/turn               M - ring of protection from magic

@: lethally poisoned (0 -> -1), engulfed (cannot breathe), glowing
A: retaliatory headbutt, hooves 2, horns 2, iridescent scales 1, blurry vision
1, clever 1, clumsy 1
a: Divine Shield, Cleansing Flame, Summon Divine Warrior, Brand Weapon With Holy
Wrath, Renounce Religion, Evoke Berserk Rage


You were on level 1 of the Depths.
You worshipped the Shining One.
The Shining One was exalted by your worship.
You were not hungry.

You visited 2 branches of the dungeon, and saw 16 of its levels.
You visited 1 bazaar.
You also visited: Labyrinth.

You collected 1022 gold pieces.
You spent 876 gold pieces at shops.

Inventory:

Hand Weapons
 B - a +1 hand axe of flaming
 H - a +3 whip of electrocution
 R - a +7 long sword (weapon)
 U - a +0 demon whip of freezing
Armour
 b - the +12 chain mail of the Guardian (worn) {*Corrode rElec Str+8 SInv}
   (You found it on level 10 of the Dungeon)

   It affects your strength (+8).
   It insulates you from electricity.
   It lets you see invisible.
   It may corrode you when you take damage.
 O - a +0 pair of boots (worn)
 Q - a +0 large shield (worn)
 S - a +2 pair of gloves (worn)
Jewellery
 c - a ring of protection from fire (left hand)
 s - an amulet of rage (around neck)
 G - an uncursed ring of resist corrosion
 M - a ring of protection from magic (right hand)
 N - an uncursed ring of protection from fire
Wands
 l - a wand of flame (25/48)
 m - a wand of paralysis (10/24)
 w - a wand of digging (22/24)
 A - a wand of iceblast (8/15)
 E - a wand of polymorph (9/24)
Scrolls
 a - a scroll of magic mapping
 h - 4 scrolls of recharging
 i - 3 scrolls of remove curse {@r2}
 j - a scroll of blinking
 k - 5 scrolls of fog
 n - 3 scrolls of fear
 o - a scroll of immolation {unknown}
 r - a scroll of enchant weapon
 t - 5 scrolls of teleportation
 y - a scroll of enchant armour {unknown}
 D - a scroll of brand weapon {unknown}
 J - a scroll of holy word {unknown}
 P - 2 scrolls of noise {unknown}
Potions
 g - 7 potions of might
 p - 4 potions of agility
 q - 9 potions of curing {@q1}
 u - 2 potions of lignification
 v - 2 potions of berserk rage
 x - 3 potions of flight
 z - 2 potions of heal wounds
 F - a potion of ambrosia
 I - a potion of cancellation
 K - 2 potions of haste
 L - a potion of mutation
Comestibles
 d - 11 bread rations
 e - 7 meat rations
 f - 24 fruits
 C - 6 royal jellies


   Skills:
 + Level 12.9 Fighting
 - Level 12.8 Long Blades
 + Level 1.3 Maces & Flails
 + Level 12.8 Armour
 + Level 11.6 Dodging
 + Level 12.8 Shields
 + Level 10.4 Invocations


You had 13 spell levels left.
You didn't know any spells.

Dungeon Overview and Level Annotations

Branches:
Dungeon (15/15)            Temple (0/1) D:5            Lair (0/6) D:9
    Orc (0/2) D:11         Vaults (0/5) D:14         Depths (1/5) D:15

Altars:
Ashenzari
Dithmenos
Fedhas
Okawaru
Qazlal
Trog
The Shining One

Shops:
D:11 *   D:15 =

Portals:
Ziggurat: Depths:1


Innate Abilities, Weirdness & Mutations

You reflexively headbutt those who attack you in melee.
You have a pair of horns on your head.
You have hoof-like feet.
You are partially covered in iridescent scales. (AC +2)
Scrolls take you a little longer to read.
Your mind is acute. (Int +2)
You are clumsy. (Dex -2)


Message History

You hit the fire dragon but do no damage.
The fire dragon is severely wounded.
You feel sick. The water elemental hits you.
The water elemental engulfs you in water!
You block the fire dragon's attack. x2
The fire dragon tramples you but does no damage.
You hit the fire dragon.
The fire dragon is severely wounded.
* * * LOW HITPOINT WARNING * * *
Your lungs strain for air!
The water elemental hits you.
You hit the fire dragon. Your headbutt misses the fire dragon.
The fire dragon is almost dead.
* * * LOW HITPOINT WARNING * * *
Your lungs strain for air!
The fire dragon barely misses you. You block the fire dragon's attack. x2
The water elemental hits you.
You hit the fire dragon but do no damage.
The fire dragon is almost dead.
You die...

***######### #..#
,,,.....≈§.######.#
,,,......§......#)#
,,≈§≈.......≈§≈..(#
≈≈≈§≈......≈§...(.#
≈≈≈§≈≈.........((.#
≈≈≈h≈≈≈.§.........#
,,,hh≈≈........#(##
,,∩)h≈≈≈.......#@##
,,,§.≈§≈§......DE.#
≈≈≈§≈≈≈........##.## *######**
≈≈≈§§≈.........##).#*#......,**
≈,≈§§..........###†##..P.≈≈.,,*
,,,.≈.................≈PP≈P≈≈,*
,,,..§§...........#.##≈≈≈≈≈P≈≈*
,,,.≈§§..#.#........)..≈≈≈≈≈≈≈*
*,,..§≈.............#P.≈≈♣≈♣≈,**


You could see a fire dragon and a water elemental.

Vanquished Creatures
  Frances (D:14)
  A fire giant (D:15)
  A balrug (Depths:1)
  A stone giant (Depths:1)
  A minotaur (Lab)
  A fire dragon (Depths:1)
  Erolcha (D:12)
  Harold (D:10)
  2 ogre magi
  A great orb of eyes (D:15)
  An ice dragon (Depths:1)
  A rakshasa (D:15)
  3 hydras
  2 dancing weapons (D:14)
  10 two-headed ogres
  2 tengu warriors (Depths:1)
  A fire crab (shapeshifter) (Depths:1)
  3 unseen horrors
  An unseen horror (shapeshifter) (D:12)
  2 wizards (D:15)
  Pikel (D:7)
  A deep elf mage (D:10)
  12 ugly things
  4 cyclopes
  2 manticores
  Joseph (D:7)
  Psyche (D:10)
  2 naga magi (D:15)
  2 centaur skeletons
  2 kobold demonologists (D:6)
  A komodo dragon (shapeshifter) (Depths:1)
  5 hellwings (Depths:1)
  2 red devils (Depths:1)
  2 yaktaurs (Depths:1)
  A troll (D:12)
  A tengu conjurer (D:13)
  2 hornets
  19 slime creatures
  2 dream sheep (D:9)
  3 hippogriffs
  2 water elementals (Depths:1)
  A shadow (D:13)
  A spriggan (shapeshifter) (Depths:1)
  A basilisk (shapeshifter) (D:15)
  3 basilisks
  2 wyverns
  21 yaks
  Grum (D:8)
  The ghost of MirrMurr the Twirler, an amateur DsGl (D:4)
  2 hungry ghosts
  6 vampire mosquitoes
  4 water moccasins
  4 porcupines (D:9)
  5 ice beasts
  4 sky beasts
  A slave (D:7)
  3 orc warriors
  2 phantoms
  A necrophage (D:10)
  9 ogres
  2 wolves (D:8)
  9 centaurs
  4 crocodiles (D:9)
  5 big kobolds
  5 bullfrogs
  2 wyvern zombies
  5 scorpions
  A wyvern skeleton (D:9)
  6 killer bees
  13 wights
  4 howler monkeys
  6 crimson imps
  4 centaur zombies
  2 bullfrog zombies
  4 hounds
  4 jellies
  9 orc wizards
  A bullfrog skeleton (D:6)
  An orc priest (D:8)
  8 iguanas
  11 worker ants
  3 hound skeletons
  2 worker ant zombies (D:9)
  9 adders
  8 gnolls
  A howler monkey zombie (D:6)
  A river rat (D:6)
  5 shadow imps
  3 oozes
  An adder zombie (D:6)
  An adder skeleton (D:7)
  3 dart slugs
  3 worms
  3 leopard geckos
  38 orcs
  9 bats
  9 giant cockroaches
  7 goblins
  6 hobgoblins
  14 jackals
  3 quokkas
  3 ball pythons
  A ball python skeleton (D:4)
  6 frilled lizards
  A jackal skeleton (D:7)
  16 kobolds
  A quokka zombie (D:7)
  10 rats
450 creatures vanquished.

Vanquished Creatures (others)
  An ice beast (D:12)
  An eye of draining (D:12)
  A water moccasin zombie (D:7)
  A jackal (D:7)
  2 fungi (D:9)
  22 plants
28 creatures vanquished.

Grand Total: 478 creatures vanquished

Notes
Turn   | Place    | Note
-------+----------+-------------------------------------------
     0 | D:1      | kuniqs the Minotaur Fighter began the quest for the Orb.
     0 | D:1      | Reached XP level 1. HP: 19/19 MP: 0/0
   105 | D:1      | Reached XP level 2. HP: 27/27 MP: 1/1
   536 | D:1      | Reached XP level 3. HP: 33/33 MP: 2/2
   680 | D:2      | Reached skill level 1 in Dodging
  1069 | D:2      | Reached XP level 4. HP: 40/41 MP: 3/3
  1825 | D:3      | Reached XP level 5. HP: 34/47 MP: 4/4
  1948 | D:3      | Found a glowing golden altar of the Shining One.
  2093 | D:3      | Became a worshipper of the Shining One
  2121 | D:3      | Found a faded altar of an unknown god.
  2305 | D:4      | Noticed MirrMurr's ghost (amateur DsGl)
  2315 | D:4      | Killed MirrMurr's ghost
  2315 | D:4      | Reached skill level 5 in Fighting
  2315 | D:4      | Reached skill level 1 in Invocations
  2315 | D:4      | Reached XP level 6. HP: 56/56 MP: 5/5
  2559 | D:4      | Reached skill level 5 in Armour
  2563 | D:4      | Reached skill level 5 in Shields
  3144 | D:5      | Entered Level 5 of the Dungeon
  3154 | D:5      | Noticed a water moccasin
  3169 | D:5      | Killed a water moccasin
  3169 | D:5      | Reached XP level 7. HP: 51/61 MP: 7/7
  3847 | D:5      | Found a staircase to the Ecumenical Temple.
  3885 | D:5      | Reached skill level 5 in Long Blades
  3982 | D:5      | Reached XP level 8. HP: 68/70 MP: 7/9
  4165 | D:5      | Found a bloodstained altar of Trog.
  4314 | D:6      | Found an iron altar of Okawaru.
  4351 | D:6      | Reached * piety under the Shining One
  4622 | D:6      | Noticed a kobold demonologist
  4623 | D:6      | Noticed a kobold demonologist
  4626 | D:6      | Noticed a sun demon
  4627 | D:6      | Noticed a smoke demon
  4631 | D:6      | Noticed a hellwing
  5649 | D:8      | Gained mutation: Scrolls take you a little longer to read. [mutagenic meat]
  5650 | D:8      | Gained mutation: You are clumsy. (Dex -2) [mutagenic meat]
  5651 | D:8      | Gained mutation: You have large cloven feet. [mutagenic meat]
  5652 | D:8      | Gained mutation: You have hoof-like feet. [mutagenic meat]
  5691 | D:8      | Gained mutation: You are partially covered in iridescent scales. (AC +2) [mutagenic meat]
  5692 | D:8      | Gained mutation: Your mind is acute. (Int +2) [mutagenic meat]
  5747 | D:7      | Reached skill level 5 in Dodging
  5755 | D:7      | Reached XP level 9. HP: 67/79 MP: 9/11
  5796 | D:7      | Identified the Guide on Transmutation
  6015 | D:7      | Noticed Pikel
  6015 | D:7      | Reached ** piety under the Shining One
  6023 | D:7      | Killed Pikel
  6179 | D:6      | Noticed a soul eater
  6186 | D:6      | Killed a kobold demonologist
  6192 | D:6      | Killed a kobold demonologist
  6192 | D:6      | Reached skill level 5 in Invocations
  6676 | D:8      | Found a shadowy altar of Dithmenos.
  6698 | D:8      | Noticed a two-headed ogre
  6702 | D:8      | Killed a two-headed ogre
  6702 | D:8      | Reached XP level 10. HP: 55/88 MP: 12/12
  7419 | D:8      | Noticed Joseph
  7695 | D:7      | Killed Joseph
  7796 | D:8      | Noticed Grum
  7808 | D:8      | Killed Grum
  8255 | D:9      | Found a staircase to the Lair.
  8513 | D:9      | Noticed a two-headed ogre
  8540 | D:9      | Killed a two-headed ogre
  8544 | D:9      | HP: 2/91 [crocodile (13)]
  9115 | D:9      | Noticed a two-headed ogre
  9126 | D:9      | Killed a two-headed ogre
  9126 | D:9      | Reached XP level 11. HP: 83/97 MP: 14/14
  9133 | D:9      | Reached *** piety under the Shining One
  9291 | D:9      | Found a shattered altar of Ashenzari.
  9539 | D:9      | Noticed a two-headed hydra
  9542 | D:9      | Killed a one-headed hydra
  9846 | D:9      | Found a stormy altar of Qazlal.
  9870 | D:9      | Found a shadowy altar of Dithmenos.
  9897 | D:10     | Entered Level 10 of the Dungeon
 10077 | D:10     | Noticed a deep elf mage
 10085 | D:10     | Killed a deep elf mage
 10323 | D:10     | Reached skill level 10 in Fighting
 10328 | D:10     | Got a distressingly furry chain mail
 10339 | D:10     | Identified the +12 chain mail of the Guardian {*Corrode rElec Str+8 SInv} (You found it on level 10 of the Dungeon)
 10588 | D:10     | Noticed Harold
 10606 | D:10     | Killed Harold
 10606 | D:10     | Reached skill level 10 in Long Blades
 10606 | D:10     | Reached skill level 10 in Armour
 10736 | D:10     | Reached skill level 10 in Shields
 10770 | D:10     | Noticed a two-headed ogre
 10778 | D:10     | Killed a two-headed ogre
 10789 | D:10     | Noticed Psyche
 10801 | D:10     | Killed Psyche
 11188 | D:11     | Noticed a green ugly thing
 11198 | D:11     | Killed a green ugly thing
 11198 | D:11     | Reached XP level 12. HP: 107/107 MP: 16/16
 11284 | D:11     | Found Omack's Changing Room.
 11293 | D:11     | Bought a potion of lignification for 48 gold pieces
 11293 | D:11     | Bought a potion of mutation for 128 gold pieces
 11361 | D:11     | Found a staircase to the Orcish Mines.
 11455 | D:11     | Reached **** piety under the Shining One
 11920 | D:12     | Noticed a two-headed ogre
 11930 | D:12     | Killed a two-headed ogre
 11954 | D:12     | Found a flickering gateway to a bazaar.
 11963 | Bazaar   | Entered a bazaar
 11969 | Bazaar   | Found Davelose's Jewellery Shop.
 11969 | Bazaar   | Found Liek's Book Boutique.
 11981 | Bazaar   | Bought an uncursed ring of protection from magic for 350 gold pieces
 11981 | Bazaar   | Bought an uncursed ring of protection from fire for 350 gold pieces
 12165 | D:12     | Noticed Erolcha
 12178 | D:12     | Killed Erolcha
 12186 | D:12     | Noticed a two-headed ogre
 12195 | D:12     | Killed a two-headed ogre
 12500 | D:12     | Noticed a two-headed ogre
 12507 | D:12     | Killed a two-headed ogre
 13130 | D:13     | Reached skill level 10 in Dodging
 13166 | D:13     | Reached ***** piety under the Shining One
 13182 | D:13     | Reached XP level 13. HP: 113/116 MP: 18/18
 13602 | D:14     | Found a gate to the Vaults.
 13941 | D:14     | Got a pitted buckler
 13952 | D:14     | Identified the +3 buckler "Vytsenau" {Slay+3} (You found it on level 14 of the Dungeon)
 14078 | D:14     | Noticed Frances
 14088 | D:14     | Killed Frances
 14288 | D:15     | Entered Level 15 of the Dungeon
 14340 | D:15     | Found a blossoming altar of Fedhas.
 14399 | D:15     | Found a labyrinth entrance.
 14405 | Lab      | Entered a labyrinth
 14779 | Lab      | Noticed a minotaur
 14794 | Lab      | Killed a minotaur
 14814 | Lab      | Identified the Handbook of the Entrancing Birds
 15576 | D:15     | Found Qiotuyfenix's Jewellery Boutique.
 15900 | D:15     | Found a staircase to the Depths.
 16080 | Depths:1 | Entered Level 1 of the Depths
 16080 | Depths:1 | Noticed a fire giant
 16246 | D:15     | Killed a fire giant
 16246 | D:15     | Reached skill level 10 in Invocations
 16246 | D:15     | Reached XP level 14. HP: 51/127 MP: 20/20
 16702 | Depths:1 | Found a gateway to a ziggurat.
 16841 | Depths:1 | Noticed a stone giant
 16864 | Depths:1 | Killed a stone giant
 17203 | Depths:1 | Noticed a balrug
 17214 | Depths:1 | Reached ****** piety under the Shining One
 17216 | Depths:1 | Killed a balrug
 17356 | Depths:1 | Reached skill level 1 in Maces & Flails
 17404 | Depths:1 | HP: 6/127 [drowned by a water elemental (4)]
 17405 | Depths:1 | Drowned by a water elemental

Skill      XL: |  1  2  3  4  5  6  7  8  9 10 11 12 13 14 |
---------------+-------------------------------------------+-----
Fighting       | 4 5 6 7 8 9 10 11 12 | 12.9
Armour         | 4 5 6 8 9 10 11 12 | 12.8
Dodging        | 1 2 3 5 6 7 8 10 11 | 11.6
Shields        | 4 5 6 7 9 10 11 12 | 12.8
Long Blades    | 3 4 5 6 7 9 10 11 12 | 12.8
Invocations    | 1 2 4 5 6 7 8 10 | 10.4
Maces & Flails | 1 |  1.3

Action                   |  1- 3 |  4- 6 |  7- 9 | 10-12 | 13-15 || total
-------------------------+-------+-------+-------+-------+-------++-------
Melee: Long sword        |   116 |   127 |   244 |       |   438 ||   925
       Headbutt          |    15 |    33 |    46 |   150 |   167 ||   411
       Kick              |       |       |    29 |   167 |       ||   196
       Whip              |       |       |    54 |   620 |    36 ||   710
       Hand axe          |       |       |       |     4 |    18 ||    22
Invok: Divine Shield     |       |       |       |       |     1 ||     1
 Abil: Evoke Berserk Rag |       |     2 |     2 |       |     4 ||     8
Evoke: Wand              |       |       |       |       |     2 ||     2
  Use: Scroll            |       |       |     5 |    12 |     3 ||    20
       Potion            |       |       |       |     5 |       ||     5
  Eat: Chunk             |     1 |     7 |    19 |    24 |    12 ||    63
       Royal jelly       |       |       |     1 |       |     3 ||     4
Armor: Scale mail        |    73 |    53 |   106 |    25 |       ||   257
       Ring mail         |       |       |       |    67 |       ||    67
       Chain mail        |       |       |       |   134 |   163 ||   297
Dodge: Dodged            |    37 |    64 |   119 |   241 |   110 ||   571
Block: Shield            |    82 |    88 |   165 |   389 |    46 ||   770
       Large shield      |       |       |       |       |   301 ||   301
       Buckler           |       |       |       |       |     4 ||     4
       Rpst.: Long sword |     8 |    13 |    29 |       |    29 ||    79
